 Dungeon Crawl Stone Soup version 0.19.0-9-gfd783f2 (console) character file.

25 OvidiusNaso the Shooter (level 2, -1/23 HPs)
             Began as a Centaur Arcane Marksman on Nov 7, 2016.
             Slain by a worm (9 damage)
             ... on level 2 of the Dungeon.
             The game lasted 00:08:47 (935 turns).

OvidiusNaso the Shooter (Centaur Arcane Marksman)    Turns: 935, Time: 00:08:48

Health: -1/23      AC:  4    Str: 13    XL:     2   Next: 82%
Magic:  2/3        EV:  9    Int: 12    God:
Gold:   32         SH:  0    Dex:  8    Spells: 1 memorised, 2 levels left

rFire  . . .     SeeInvis .     h - +0 mace
rCold  . . .     Gourm    .     e - +0 robe
rNeg   . . .     Faith    .     (no shield)
rPois  .         Spirit   .     (no helmet)
rElec  .         Reflect  .     (no cloak)
rCorr  .         Harm     .     (no gloves)
MR     .....                    (no barding)
Stlth  +.........               (no amulet)
                                (no ring)
                                (no ring)

@: very slightly contaminated, very quick
A: hooves 3, deformed body, speed 2, tough skin 3
a: no special abilities


You were on level 2 of the Dungeon.
You were not hungry.

You visited 1 branch of the dungeon, and saw 2 of its levels.

You collected 32 gold pieces.

Inventory:

Hand Weapons
 a - a +0 shortbow
 h - a +0 mace (weapon)
Missiles
 b - 40 stones (quivered)
 d - 17 arrows
Armour
 e - a +0 robe (worn)
Scrolls
 g - a scroll of teleportation {unknown}
 k - 2 scrolls of identify
 l - a scroll of amnesia {unknown}
Potions
 i - a potion of flight {unknown}
 j - a potion of agility {unknown}
 n - a potion of resistance {unknown}
Books
 c - a book of Debilitation

   Spells                             Type                      Level
   a - Corona                         Hexes                        1
   b - Slow                           Hexes                        2
   c - Gell's Gravitas                Hexes/Translocation          3
   d - Inner Flame                    Hexes/Fire                   3
   e - Cause Fear                     Hexes                        4
   f - Leda's Liquefaction            Hexes/Earth                  4
Comestibles
 f - a bread ration
 m - a beef jerky


   Skills:
 - Level 1.0 Fighting
 * Level 3.8 Bows
 - Level 1.4 Dodging
 - Level 1.0 Spellcasting
 + Level 3.1 Hexes


You had 2 spell levels left.
You knew the following spells:

 Your Spells              Type           Power        Failure   Level  Hunger
a - Corona                Hex            #......      12%         1    ##.....


Dungeon Overview and Level Annotations

Branches:
Dungeon (2/15)

Altars:


Innate Abilities, Weirdness & Mutations

You have hooves in place of feet.
Armour fits poorly on your strangely shaped body.
You cover ground very quickly.
You have extremely tough skin. (AC +3)


Message History

The frilled lizard bites you but does no damage.
You miss the frilled lizard.
The frilled lizard unfolds its giant frill.
The frilled lizard bites you. The worm bites you.
The frilled lizard unfolds its giant frill.
The frilled lizard bites you but does no damage.
You barely miss the frilled lizard.
The frilled lizard bites you but does no damage.
You hit the frilled lizard but do no damage.
Your kick misses the frilled lizard.
The frilled lizard completely misses you.
The worm bites you.
You hit the frilled lizard but do no damage.
The frilled lizard hisses.
The frilled lizard bites you but does no damage.
The worm closely misses you. The frilled lizard bites you.
You hit the frilled lizard.
The frilled lizard is severely wounded.
The frilled lizard closely misses you. The worm bites you!
You die...

#######
#.....#
#.....#
#.....#
#.....########
#.....#.......
#...@l'...)...
#.†..w#......(
#.....#.......
##.####.......
#.# #######
#.# #.#
#.#####
#.....#
#.###.#####
#>........+


You could see a worm and a frilled lizard.

Vanquished Creatures
  A gnoll (D:1)
  A giant cockroach (D:1)
  A goblin (D:1)
  3 hobgoblins
  2 bats
  2 frilled lizards (D:1)
  5 kobolds (D:1)
15 creatures vanquished.

Vanquished Creatures (others)
  5 toadstools (D:1)
5 creatures vanquished.

Grand Total: 20 creatures vanquished

Notes
Turn   | Place    | Note
-------+----------+-------------------------------------------
     0 | D:1      | OvidiusNaso the Centaur Arcane Marksman began the quest for the Orb.
     0 | D:1      | Reached XP level 1. HP: 16/16 MP: 2/2
   460 | D:1      | Reached XP level 2. HP: 21/23 MP: 1/3
   935 | D:2      | Slain by a worm

Skill      XL: |  1  2 |
---------------+-------+-----
Bows           | 3 |  3.8
Hexes          | 3 |  3.1
Fighting       | |  1.0
Dodging        | |  1.4
Spellcasting   | |  1.0

Action                   || total
-------------------------++-------
Melee: Mace              ||    21
 Fire: Shortbow          ||    30
 Cast: Corona            ||    12
  Use: Scroll            ||     1
Armor: Robe              ||    19
Dodge: Dodged            ||    26
